Unix NetHack Version 5.0.0-0 post-release - last build Jun 10 2026 00:39:30 (3ee93aec679c4c4259841fe613dc97188e26a321,branch:main).

Game began 2026-06-23 20:18:26, ended 2026-06-23 22:42:00.

IceCreamJones, chaotic male human Wizard

                                        ---                       ----
              -----                    --.-----                  --..--
            ---...|                    |.^..*.|                  |....---
            |.....----        -----    --.--..-----              |-.....--
             ........|        |...----------...--.---            |.......|
              -......--       |.....|.......*--.....---         --...---.|
     ---       -......|        -u.....---.............---       |....|  -----
     |..----   |......--  ------@..........-----........---------...-|   |..|
      -....-- ---......|---.--..--0.--------   |...|...>.......|.....| ---..--
      ---...---...-....|.......-- ---          ---.|-...)...)..*-.)..--|.....|
        |-...............---..--                 |^-|...)[............--.--..|
        |.......---------- ----               ---|..|--..)[.([*..........|----
        |.........|              ----       ---.---.---......).......^...|
        --........--            --..--    ---.....|.....---.........<....-
         |.........|            |....------.........-...----.|.......*......|
         |-.......--            --.....--...................---...0.........|
         |........|              -....................-----.|....--.........|
         --.--..---             |.....................|    ...-..|---......--
          ---|..|               |..--.........--......|   |. |..--  ......--
             ----               -------..|..--------.--   -- |..|   --.----
                                      -------      ---       ----    ---
IceCreamJones the Thaumaturge  St:3 Dx:13 Co:14 In:18 Wi:11 Ch:15  Chaotic
Dlvl:5  $:0  HP:17(33) Pw:76(79) AC:4  Xp:8 T:11128  Burdened

Latest messages:
 You are caught in a bear trap.
 You are caught in a bear trap.
 You finally wriggle free.
 There is a killer bee corpse here; eat it? [ynq] (n)
 Ecch - that must have been poisonous!
 Your movements are slowed slightly because of your load.
 Findoozler drops a rock.
 You finish eating the killer bee corpse.
 What do you want to eat? [cfklswzM-OT or ?*]
 Never mind.
 You see here 2 gems called black soft.
 You swap places with your warhorse.
 You kill the gnome!
 The leprechaun hits!
 Your purse feels lighter.
 The leprechaun vanishes!
 You hear some noises in the distance.
 The killer bee misses!
 You kill the killer bee!
 You see here a killer bee corpse.
 There is a killer bee corpse here; eat it? [ynq] (n)
 Ecch - that must have been poisonous!
 You finish eating the killer bee corpse.
 The warhorse hits the leprechaun.
 The warhorse knocks the leprechaun backward with a powerful strike!
 The warhorse misses the leprechaun.
 The warhorse bites the leprechaun.
 You lack the strength to cast spells.
 The leprechaun hits!
 Your purse feels lighter.
 The leprechaun vanishes!
 You lack the strength to cast spells.
 What do you want to ready? [- djDG or ?*]
 y - a lamp (at the ready).
 What do you want to drop? [a-dfh-mo-suwyzAD-JM-PR-WYZ or ?*]
 Never mind.
 What do you want to use or apply? [hmoqruyEIJUWZ or ?*]
 Never mind.
 What do you want to use or apply? [hmoqruyEIJUWZ or ?*]
 Sorry, I don't know how to use that.
 What do you want to drop? [a-dfh-mo-suwyzAD-JM-PR-WYZ or ?*]
 You drop 3 apples.
 #
 Really quit without saving? [yn] (n)
 Do you want your possessions identified? [ynq] (y)
 Do you want to see your attributes? [ynq] (y)
 Do you want an account of creatures vanquished? [ynaq] (y)
 Do you want a list of species genocided? [ynq] (y)
 Do you want to see your conduct and achievements? [ynq] (y)
 Do you want to see the dungeon overview? [ynq] (y)

Inventory:
 Weapons  (')')
  j - 6 +1 shuriken
  G - 7 +0 shuriken
  d - 4 +3 daggers
  D - a cursed +0 dagger
  a - the +0 Sting (weapon in right hand)
 Armor    ('[')
  S - a blessed +2 orcish helm (being worn)
  Y - a cursed +2 pair of leather gloves (being worn)
  b - an uncursed rotted +0 cloak of magic resistance (being worn)
 Comestibles  ('%')
  N - a cursed slime mold
  c - 2 cursed cram rations
  T - 4 uncursed food rations
  k - a cursed food ration
  O - a cursed lembas wafer
  l - 2 cursed oranges
  w - 2 uncursed sprigs of wolfsbane
  s - 2 uncursed tripe rations
  z - an uncursed tripe ration
  M - an uncursed lizard corpse
 Scrolls  ('?')
  R - a cursed scroll of teleportation
 Potions  ('!')
  H - an uncursed potion of extra healing
  p - 2 cursed potions of healing
 Rings    ('=')
  A - a cursed ring of conflict
  P - an uncursed ring of invisibility
  i - an uncursed ring of poison resistance
  F - an uncursed ring of sustain ability
 Wands    ('/')
  I - a cursed wand of cold (0:6)
  E - a wand of fire (0:6)
  U - a wand of make invisible (0:3)
  m - a cursed wand of nothing (0:9)
  J - a cursed wand of probing (0:7)
  o - a wand of sleep (0:2)
  Z - a cursed wand of slow monster (0:5)
  h - a cursed wand of speed monster (0:0)
 Tools    ('(')
  W - a horn of plenty (0:3)
  q - an uncursed blindfold
  y - an uncursed oil lamp (at the ready)
  r - a cursed skeleton key
  u - a +0 unicorn horn
 Gems/Stones  ('*')
  V - an uncursed worthless piece of yellow glass

IceCreamJones the Wizard's attributes:

Background:
 You were a Thaumaturge, a level 8 male human Wizard.
 You were chaotic, on a mission for Anhur
 who was opposed by Ptah (lawful) and Thoth (neutral).
 You were right-handed.
 You were in the Gnomish Mines, on level 5.
 You entered the dungeon 11128 turns ago.
 It was nighttime.
 You had 2169 experience points, 391 more were needed to attain level 9.

Basics:
 You had 17 out of 33 hit points.
 You had 76 out of 79 energy points (spell power).
 Your armor class was 4.
 Your wallet was empty.
 Autopickup was off.

Final Characteristics:
 Your strength was 3 (peak:13, limit:18/100).
 Your dexterity was 13 (limit:18).
 Your constitution was 14 (limit:18).
 Your intelligence was 18 (limit:18).
 Your wisdom was 11 (limit:18).
 Your charisma was 15 (limit:18).

Final Status:
 You weren't hungry.
 You were burdened; movement was slightly slowed.
 You were wielding a dagger.
 You had expert skill with dagger.

Final Attributes:
 You were piously aligned.
 You were magic-protected.
 You were telepathic.
 You were aware of the presence of orcs.
 You were warded.
 You were fast.
 You survived.

Miscellaneous:
 You encountered 2 bones levels.
 Total elapsed playing time was 2 hours, 14 minutes and 9 seconds.

Major events:
 Turn
    1: IceCreamJones the chaotic male human Wizard entered the dungeon
  918: attained the rank of Conjurer (level 3)
 1206: chose a runed dagger to be named "Sting"
 2267: performed his first genocide (master mind flayers)
 3382: entered the Gnomish Mines
 4133: attained the rank of Thaumaturge (level 6)
11128: quit

Spells:
 Name                 Level Category     Fail Retention
 force bolt             1   attack         0%   41%-45%
 chain lightning        2   attack         0%   41%-45%
 healing                1   healing        0%   51%-75%
 magic missile          2   attack         0%   66%-70%

Skills:
 Fighting Skills
   bare handed combat [Unskilled]
   riding             [Unskilled]
 Weapon Skills
   dagger             [Expert]
   knife              [Unskilled]
   axe                [Unskilled]
   short sword        [Unskilled]
   club               [Unskilled]
   mace               [Unskilled]
   quarterstaff       [Basic]
   polearms           [Unskilled]
   spear              [Unskilled]
   trident            [Unskilled]
   sling              [Unskilled]
   dart               [Unskilled]
   shuriken           [Unskilled]
 Spellcasting Skills
   attack spells      [Skilled]
   healing spells     [Unskilled]
   divination spells  [Unskilled]
   enchantment spells [Basic]
   clerical spells    [Unskilled]
   escape spells      [Unskilled]
   matter spells      [Unskilled]

Voluntary challenges:
 Character rerolling was not enabled.
 You genocided 1 type of monster.
 You never polymorphed an object.
 You never changed form.
 You used no wishes.
Achievements:
 You attained the rank of Conjurer.
 You entered a shop.
 You entered the Gnomish Mines.
 You attained the rank of Thaumaturge.

 The Dungeons of Doom: levels 1 to 8
    Level 1:
    Level 2:
       A fountain, a sink.
    Level 3:
       A potion shop.
    Level 4:
       Stairs down to The Gnomish Mines.
    Level 5:
       A scroll shop.
    Level 6:
       A scroll shop.
    Level 7:
       Many fountains.
       Final resting place for
          DaveT-Pri-Hum-Mal-Law, killed by a snake, while fainted from lack of food,
          coffeewyld-Mon-Hum-Mal-Neu, killed by a snake.
    Level 8:
 The Gnomish Mines:
    Level 5: <- You were here.
       A grave.
       Final resting place for
          snarksnark-Wiz-Hum-Mal-Neu, killed by a dwarf.


Vanquished creatures:
  2 ghosts
  2 small mimics
  a human mummy
  6 wolves
  5 leprechauns
 an orc-captain
 an iron piercer
  a mumak
  a horse
  2 baby long worms
  a black light
  a gnome ruler
 an orc mummy
  a brown pudding
  a yeti
  a lizard
  a dingo
  a jaguar
  a blue jelly
  a white unicorn
  a raven
  2 snakes
  a Woodland-elf
  2 bugbears
  a water nymph
  a mountain nymph
  3 Mordor orcs
 10 Uruk-hai
  2 orc shamans
  3 rock piercers
  3 rock moles
  2 ponies
  2 fog clouds
  5 yellow lights
  2 shriekers
  2 gnome leaders
  2 gnomish wizards
  2 gray oozes
  2 elf zombies
  a ghoul
  2 straw golems
  a little dog
  4 floating eyes
  a dwarf
  2 homunculi
  3 kobold leaders
  2 kobold shamans
  5 rothes
  3 rabid rats
  2 centipedes
  3 orc zombies
  2 wererats
  a werejackal
  4 iguanas
 13 killer bees
  4 acid blobs
  2 coyotes
  a gas spore
  3 hobbits
 21 manes
  2 large kobolds
  a hobgoblin
  3 giant rats
  6 cave spiders
  3 brown molds
  3 yellow molds
  a green mold
  a red mold
  2 gnomes
  2 gnome zombies
  6 geckos
 13 jackals
  2 foxes
  8 goblins
  7 sewer rats
 19 grid bugs
  4 bats
 11 lichens
  2 kobold zombies
 12 newts
268 creatures vanquished.

Genocided species:
 master mind flayers
1 species genocided.

Goodbye IceCreamJones the Wizard...

You quit in The Gnomish Mines on dungeon level 5 with 9146 points,
and 0 pieces of gold, after 11128 moves.
You were level 8 with a maximum of 33 hit points when you quit.

